AoeStats
← [NICE_ASS] BigMasi

Lombardia

508936380Analyzed
3v3 RM · 7d ago on Sep 24, 2026· 62m 58s· 6 players
Game mode
Random Map
Map size
Normal (6 player)
Population
200
Speed
Normal
Resources
Standard
Victory
Conquest
Starting age
Dark Age
Ending age
Imperial Age
RankedLock teamsTeams togetherTeam positionsShared explorationLock speedFull tech treeHidden civsTurbo modeCheats
Victory
Defeat
🇧🇷 Khitans · Brazil
1373
+17
🇺🇸 Italians · United States
1330
+18
🇨🇭 Spanish · Switzerland
1305
+19
🇲🇦 Ethiopians · Morocco
1432
-19
🇿🇦 Vietnamese · South Africa
1374
-18
🇮🇳 Maya · India
1351
-17
RumHam
10:39 Feudal Age
14:40 Castle Age
12:52 Double-Bit Axe
12:49 Horse Collar
15:01 Loom
16:35 Bow Saw
23:01 Heavy Plow
24:06 Wheelbarrow
24:27 Gold Mining
25:46 Hand Cart
25:21 Town Watch
30:01 Imperial Age
28:27 Ballistics
28:01 Fletching
28:12 Padded Archer Armor
28:20 Stone Mining
28:52 Bodkin Arrow
30:07 Stone Shaft Mining
29:19 Treadmill Crane
30:47 Leather Archer Armor
31:51 Chemistry
31:22 Guilds
31:34 Bracer
34:01 Ring Archer Armor
34:06 Thumb Ring
34:46 Conscription
34:43 Elite Genoese Crossbowman
36:36 Scale Mail Armor
36:47 Forging
36:44 Scale Barding Armor
37:48 Caravan
37:24 Light Cavalry
38:45 Chain Barding Armor
39:01 Iron Casting
38:39 Bloodlines
38:30 Husbandry
39:14 Silk Road
39:11 Hussar
40:33 Plate Barding Armor
43:18 Blast Furnace
42:41 Cavalier
43:41 Masonry
43:28 Murder Holes
43:41 Town Patrol
44:43 Two-Man Saw
45:54 Architecture
46:46 Fortified Wall
47:44 Bombard Tower
49:33 Crop Rotation
54:48 Hoardings
[NICE_ASS] BigMasi
10:56 Feudal Age
10:53 Loom
11:49 Double-Bit Axe
15:33 Castle Age
17:55 Horse Collar
21:48 Wheelbarrow
31:08 Gold Mining
37:45 Imperial Age
36:19 Scale Barding Armor
36:24 Forging
37:28 Heavy Plow
38:10 Hand Cart
39:50 Bow Saw
41:04 Chain Barding Armor
40:54 Forging
41:00 Bloodlines
40:50 Husbandry
40:12 Cavalier
42:39 Plate Barding Armor
41:52 Town Watch
42:38 Paladin
44:14 Fortified Wall
45:04 Iron Casting
45:17 Conscription
46:03 Chemistry
45:25 Ballistics
46:24 Supremacy
47:38 Herbal Medicine
48:42 Caravan
49:00 Light Cavalry
56:56 Blast Furnace
[ GG ] SHAKA
1:53 Loom
11:02 Feudal Age
11:32 Double-Bit Axe
12:08 Man-at-Arms
13:44 Arson
19:41 Domestication
25:39 Castle Age
24:15 Forging
24:46 Stone Mining
24:49 Gold Mining
25:12 Scale Barding Armor
26:44 Pastoralism
27:32 Husbandry
30:19 Bow Saw
33:34 Wheelbarrow
33:43 Stone Shaft Mining
38:12 Imperial Age
36:08 Hand Cart
36:35 Iron Casting
37:14 Light Cavalry
38:14 Elite Steppe Lancer
38:56 Town Watch
40:17 Two-Man Saw
40:15 Chain Barding Armor
40:55 Hussar
42:06 Caravan
44:04 Heavy Rocket Cart
45:51 Plate Barding Armor
46:11 Transhumance
47:23 Scale Mail Armor
48:25 Ordo Cavalry
48:31 Lamellar Armor
53:13 Elite Skirmisher
53:58 Thumb Ring
54:20 Parthian Tactics
57:12 Fletching
57:23 Padded Archer Armor
58:07 Bodkin Arrow
59:56 Chemistry
58:37 Treadmill Crane
59:08 Masonry
59:55 Town Patrol
katzzu
11:02 Feudal Age
15:59 Castle Age
14:55 Double-Bit Axe
14:55 Horse Collar
15:58 Loom
22:26 Wheelbarrow
24:44 Fletching
26:49 Bodkin Arrow
30:35 Imperial Age
28:46 Padded Archer Armor
30:11 Ballistics
29:17 Pikeman
29:58 Squires
30:26 Heavy Plow
30:39 Bow Saw
30:49 Leather Archer Armor
31:56 Bracer
32:58 Chemistry
33:00 Conscription
32:03 Halberdier
32:46 Scale Mail Armor
34:54 Fortified Wall
35:15 Chain Mail Armor
37:53 Ring Archer Armor
37:36 Masonry
38:42 Elite Plumed Archer
39:59 Masonry
40:22 Arson
42:27 Architecture
42:38 Plate Mail Armor
45:56 Forging
48:28 Hul'che Javelineers
50:51 Iron Casting
51:11 Thumb Ring
61:19 Two-Man Saw
60:10 Eagle Warrior
wayneid
9:45 Feudal Age
10:17 Loom
11:26 Double-Bit Axe
13:01 Fletching
13:12 Padded Archer Armor
20:58 Castle Age
20:00 Horse Collar
23:29 Bodkin Arrow
24:09 Crossbowman
24:54 Thumb Ring
28:08 Wheelbarrow
33:35 Imperial Age
31:34 Ballistics
34:41 Imperial Age
33:22 Bow Saw
33:41 Leather Archer Armor
34:46 Arbalester
36:24 Bracer
36:55 Ring Archer Armor
37:11 Conscription
38:25 Two-Man Saw
37:22 Gold Mining
38:43 Gold Shaft Mining
40:01 Chemistry
43:07 Hand Cart
50:07 Torsion Engines
53:29 Siege Engineers
Lilith Realm
7:11 Loom
9:31 Feudal Age
10:11 Double-Bit Axe
12:36 Horse Collar
21:00 Castle Age
20:21 Fletching
21:18 Padded Archer Armor
21:49 Bodkin Arrow
21:55 Elite Skirmisher
25:52 Wheelbarrow
25:02 Town Watch
27:05 Bow Saw
26:57 Heavy Plow
28:16 Hand Cart
31:15 Husbandry
36:56 Imperial Age
35:16 Thumb Ring
35:27 Leather Archer Armor
35:11 Light Cavalry
36:02 Bloodlines
36:08 Pikeman
36:49 Squires
36:58 Elite Rattan Archer
37:40 Bracer
39:07 Chemistry
38:33 Ballistics
39:49 Two-Man Saw
39:52 Gold Mining
39:52 Stone Mining
40:17 Masonry
39:57 Halberdier
42:33 Ring Archer Armor
42:34 Fortified Wall
42:39 Scale Mail Armor
42:49 Forging
43:20 Stone Shaft Mining
43:11 Paper Money
44:38 Bloodlines
44:45 Chain Mail Armor
45:57 Scale Barding Armor
46:27 Iron Casting
46:24 Plate Mail Armor
45:41 Arson
46:42 Caravan
47:12 Coinage
47:36 Hoardings
47:38 Siege Engineers
47:28 Murder Holes
47:14 Treadmill Crane
49:17 Chain Barding Armor
Connection lost

Rejoining the realm…

Still unreachable

The connection could not be restored.

Session expired

The server has moved on; the page needs a fresh start.